General information
- name: BNet
- type: Ladder team game (AT/RT)
- host: Battle.net
- saver: TING4STROP
map: Everfrost
- players: 6
- length: 54:05
- speed: Fast
- version: 1.26 W3XP
- replay type:

» download(389 KB)
Players
team 1 (loser)
Clownbaby11 (
purple | 82 APM | 4454 actions | 54:00)
5 Archmage
3 Summon Water Elemental
2 Brilliance Aura
2 Paladin
1 Holy Light
1 Divine Shield
3 Mountain King
2 Storm Bolt
1 Thunder Clap
» actions
| Assign group hotkey | 47 | |
| Basic commands | 470 | |
| Build / train | 117 | |
| ESC pressed | 2 | |
| Enter build submenu | 57 | |
| Enter hero's abilities submenu | 10 | |
| Remove unit from queue | 3 | |
| Right click | 1749 | |
| Select / deselect | 625 | |
| Select group hotkey | 1187 | |
| Use ability | 186 | |
4454 total
» units
| Peasant | 11 | |
| Footman | 1 | |
| Rifleman | 8 | |
| Sorceress | 1 | |
| Priest | 2 | |
| Gryphon Rider | 17 | |
40 total
» upgrades
| Lumber Harvesting | 2 | |
| Gunpowder | 2 | |
| Long Rifles | 1 | |
| Priest Training | 1 | |
| Magic Sentry | 1 | |
| Masonry | 3 | |
| Swords | 3 | |
| Storm Hammers | 1 | |
| Armor | 3 | |
17 total
» buildings
| Altar of Kings | 1 | |
| Farm | 13 | |
| Barracks | 1 | |
| Blacksmith | 1 | |
| Arcane Vault | 1 | |
| Lumber Mill | 1 | |
| Scout Tower | 25 | |
| Keep | 6 | |
| Arcane Tower | 6 | |
| Arcane Sanctum | 1 | |
| Workshop | 1 | |
| Gryphon Aviary | 4 | |
| Castle | 1 | |
| Town Hall | 3 | |
| Guard Tower | 17 | |
82 total
» build order
00:03 Altar of Kings
00:17 Farm
00:26 Barracks
01:30 Blacksmith
01:43 Farm
02:04 Arcane Vault
02:30 Lumber Mill
03:29 Scout Tower
03:31 Farm
03:37 Keep
03:37 Keep
03:37 Keep
03:38 Keep
04:00 Arcane Tower
04:05 Farm
04:44 Farm
05:22 Farm
06:04 Arcane Sanctum
07:40 Farm
10:03 Workshop
10:11 Gryphon Aviary
10:13 Gryphon Aviary
10:16 Castle
12:04 Farm
12:06 Farm
12:28 Gryphon Aviary
12:30 Gryphon Aviary
14:06 Town Hall
15:21 Town Hall
15:42 Town Hall
16:26 Farm
16:27 Farm
17:45 Scout Tower
18:34 Scout Tower
19:04 Arcane Tower
19:45 Scout Tower
20:11 Scout Tower
20:16 Scout Tower
20:32 Guard Tower
20:36 Scout Tower
20:53 Arcane Tower
20:56 Guard Tower
20:57 Scout Tower
21:34 Guard Tower
21:53 Guard Tower
21:55 Scout Tower
23:33 Guard Tower
34:16 Scout Tower
34:18 Scout Tower
35:04 Guard Tower
35:36 Guard Tower
35:45 Scout Tower
35:49 Scout Tower
35:49 Scout Tower
37:29 Arcane Tower
37:30 Arcane Tower
37:35 Arcane Tower
40:32 Farm
40:32 Farm
43:15 Scout Tower
43:16 Scout Tower
43:17 Scout Tower
43:17 Scout Tower
44:42 Guard Tower
44:44 Guard Tower
44:45 Guard Tower
44:45 Guard Tower
44:45 Guard Tower
47:22 Scout Tower
47:22 Scout Tower
47:23 Scout Tower
47:28 Scout Tower
47:54 Guard Tower
47:55 Guard Tower
48:48 Guard Tower
48:58 Scout Tower
48:59 Scout Tower
49:00 Scout Tower
50:33 Guard Tower
» items
| Scroll of Regeneration | 2 | |
| Lesser Clarity Potion | 2 | |
| Staff of Preservation | 1 | |
| Dust of Appearance | 3 | |
| Potion of Healing | 1 | |
9 total
FrieFontaine (
orange | 34 APM | 1499 actions | 44:05)
4 Death Knight
2 Death Coil
2 Unholy Aura
2 Firelord
1 Summon Lava Spawn
1 Incinerate
3 Dark Ranger
2 Black Arrow
1 Silence
» actions
| Assign group hotkey | 8 | |
| Build / train | 91 | |
| Enter build submenu | 33 | |
| Enter hero's abilities submenu | 8 | |
| Give item / drop item | 1 | |
| Remove unit from queue | 5 | |
| Right click | 986 | |
| Select / deselect | 277 | |
| Select group hotkey | 14 | |
| Use ability | 76 | |
1499 total
» units
| Acolyte | 12 | |
| Ghoul | 4 | |
| Crypt Fiend | 10 | |
| Necromancer | 1 | |
| Frost Wyrm | 11 | |
38 total
» upgrades
| Creature Carapace | 3 | |
| Creature Attack | 3 | |
| Web | 1 | |
| Necromancer Training | 1 | |
| Skeletal Mastery | 1 | |
| Skeletal Longevity | 1 | |
| Unholy Strength | 1 | |
| Burrow | 1 | |
| Banshee Training | 1 | |
| Unholy Armor | 1 | |
| Cannibalize | 1 | |
| Backpack | 1 | |
| Freezing Breath | 1 | |
17 total
» buildings
| Crypt | 1 | |
| Ziggurat | 17 | |
| Altar of Darkness | 1 | |
| Graveyard | 1 | |
| Tomb of Relics | 1 | |
| Nerubian Tower | 5 | |
| Halls of the Dead | 1 | |
| Spirit Tower | 8 | |
| Temple of the Damned | 1 | |
| Black Citadel | 1 | |
| Sacrificial Pit | 1 | |
| Necropolis | 1 | |
| Boneyard | 4 | |
43 total
» build order
00:08 Crypt
00:11 Ziggurat
00:35 Altar of Darkness
00:58 Graveyard
01:54 Ziggurat
02:09 Tomb of Relics
03:28 Nerubian Tower
04:42 Halls of the Dead
04:49 Ziggurat
05:11 Ziggurat
05:55 Spirit Tower
06:13 Nerubian Tower
07:39 Temple of the Damned
08:06 Ziggurat
09:46 Black Citadel
10:58 Spirit Tower
13:47 Sacrificial Pit
13:58 Ziggurat
14:01 Ziggurat
14:16 Spirit Tower
14:21 Ziggurat
14:28 Ziggurat
14:33 Ziggurat
16:22 Spirit Tower
19:19 Necropolis
19:24 Ziggurat
19:27 Ziggurat
19:29 Ziggurat
19:33 Ziggurat
19:41 Ziggurat
20:28 Nerubian Tower
20:55 Spirit Tower
20:57 Spirit Tower
21:00 Spirit Tower
21:45 Ziggurat
21:48 Ziggurat
21:53 Nerubian Tower
23:07 Nerubian Tower
23:10 Spirit Tower
35:35 Boneyard
38:30 Boneyard
38:31 Boneyard
39:26 Boneyard
» items
| Rod of Necromancy | 1 | |
| Potion of Healing | 3 | |
4 total
thecheat13 (
blue | 59 APM | 3173 actions | 54:00)
3 Keeper of the Grove
2 Entangling Roots
1 Thorns Aura
2 Priestess of the Moon
1 Trueshot Aura
1 Scout
1 Pandaren Brewmaster
1 Breath of Fire
» actions
| Assign group hotkey | 191 | |
| Basic commands | 12 | |
| Build / train | 129 | |
| Enter build submenu | 37 | |
| Enter hero's abilities submenu | 6 | |
| Remove unit from queue | 5 | |
| Right click | 1560 | |
| Select / deselect | 695 | |
| Select group hotkey | 396 | |
| Use ability | 142 | |
3173 total
» units
| Wisp | 35 | |
| Archer | 13 | |
| Hippogryph | 27 | |
| Chimaera | 17 | |
| Druid of the Claw | 6 | |
| Dryad | -2 | |
96 total
» upgrades
| Strength of the Wild | 3 | |
| Druid of the Claw Training | 2 | |
| Reinforced Hides | 3 | |
| Corrosive Breath | 1 | |
| Mark of the Claw | 1 | |
10 total
» buildings
| Altar of Elders | 1 | |
| Moon Well | 8 | |
| Ancient of War | 1 | |
| Ancient of Wonders | 5 | |
| Tree of Ages | 1 | |
| Tree of Eternity | 1 | |
| Hunter's Hall | 1 | |
| Ancient of Lore | 4 | |
| Ancient of Wind | 2 | |
| Tree of Life | 1 | |
| Chimaera Roost | 3 | |
| Ancient Protector | 5 | |
33 total
» build order
00:15 Altar of Elders
00:20 Moon Well
00:41 Ancient of War
01:39 Moon Well
02:13 Ancient of Wonders
03:00 Tree of Ages
03:22 Moon Well
04:00 Moon Well
06:03 Tree of Eternity
06:20 Moon Well
07:04 Hunter's Hall
09:49 Ancient of Lore
09:53 Ancient of Lore
10:02 Ancient of Wind
10:37 Tree of Life
11:04 Ancient of Wonders
11:14 Chimaera Roost
11:17 Chimaera Roost
11:49 Chimaera Roost
17:15 Ancient of Wind
17:33 Moon Well
19:06 Ancient of Lore
19:12 Ancient of Lore
19:23 Ancient Protector
19:27 Ancient Protector
19:30 Ancient Protector
19:33 Ancient Protector
20:08 Ancient Protector
26:28 Ancient of Wonders
26:28 Ancient of Wonders
27:42 Moon Well
27:43 Moon Well
39:49 Ancient of Wonders
» items
| Dust of Appearance | 5 | |
| Potion of Healing | 1 | |
6 total
team 2 (winner)
BecomeGorked (
yellow | 139 APM | 7505 actions | 54:00)
8 Mountain King
3 Storm Bolt
3 Bash
1 Avatar
1 Thunder Clap
7 Paladin
3 Holy Light
3 Divine Shield
1 Devotion Aura
» actions
| Assign group hotkey | 155 | |
| Basic commands | 204 | |
| Build / train | 187 | |
| ESC pressed | 8 | |
| Enter build submenu | 167 | |
| Enter hero's abilities submenu | 18 | |
| Give item / drop item | 10 | |
| Right click | 3792 | |
| Select / deselect | 1104 | |
| Select group hotkey | 1255 | |
| Use ability | 604 | |
7505 total
» units
| Peasant | 19 | |
| Dragonhawk Rider | 18 | |
| Sorceress | 1 | |
| Gryphon Rider | 3 | |
41 total
» upgrades
| Masonry | 3 | |
| Magic Sentry | 1 | |
| Lumber Harvesting | 1 | |
| Cloud | 1 | |
| Armor | 3 | |
| Swords | 3 | |
| Animal War Training | 1 | |
| Sorceress Training | 2 | |
| Storm Hammers | 1 | |
16 total
» buildings
| Altar of Kings | 1 | |
| Farm | 15 | |
| Lumber Mill | 1 | |
| Scout Tower | 150 | |
| Guard Tower | 87 | |
| Keep | 3 | |
| Arcane Vault | 4 | |
| Gryphon Aviary | 4 | |
| Arcane Sanctum | 1 | |
| Castle | 2 | |
| Town Hall | 1 | |
| Blacksmith | 1 | |
| Barracks | 1 | |
| Arcane Tower | 2 | |
273 total
» build order
00:02 Altar of Kings
00:03 Farm
00:08 Farm
00:09 Farm
00:47 Lumber Mill
01:28 Scout Tower
01:33 Scout Tower
01:44 Scout Tower
01:45 Scout Tower
02:15 Guard Tower
02:15 Guard Tower
02:24 Scout Tower
02:31 Scout Tower
02:36 Farm
02:40 Scout Tower
02:41 Scout Tower
03:09 Guard Tower
03:10 Guard Tower
03:31 Guard Tower
03:31 Guard Tower
03:37 Scout Tower
03:38 Scout Tower
03:38 Scout Tower
03:39 Scout Tower
04:35 Guard Tower
04:35 Guard Tower
04:37 Scout Tower
04:38 Scout Tower
04:38 Scout Tower
04:39 Scout Tower
04:43 Keep
04:44 Keep
04:44 Keep
05:08 Guard Tower
05:08 Guard Tower
05:12 Scout Tower
05:13 Scout Tower
05:14 Scout Tower
05:15 Scout Tower
05:35 Scout Tower
05:36 Scout Tower
05:44 Scout Tower
05:44 Scout Tower
05:45 Scout Tower
05:47 Scout Tower
06:15 Guard Tower
06:33 Scout Tower
06:34 Scout Tower
06:35 Scout Tower
06:39 Scout Tower
06:41 Scout Tower
06:42 Scout Tower
06:46 Scout Tower
06:55 Guard Tower
06:55 Guard Tower
06:59 Farm
07:07 Guard Tower
07:08 Guard Tower
07:09 Guard Tower
07:15 Arcane Vault
07:18 Scout Tower
07:19 Scout Tower
07:20 Guard Tower
07:28 Scout Tower
07:52 Guard Tower
07:52 Guard Tower
07:53 Scout Tower
07:53 Scout Tower
08:00 Scout Tower
08:12 Scout Tower
08:13 Guard Tower
08:23 Guard Tower
08:26 Scout Tower
08:26 Scout Tower
08:32 Farm
08:34 Gryphon Aviary
08:37 Arcane Sanctum
09:21 Castle
09:39 Guard Tower
09:50 Guard Tower
09:52 Scout Tower
09:53 Scout Tower
09:53 Scout Tower
10:15 Arcane Vault
10:25 Guard Tower
10:37 Scout Tower
10:39 Scout Tower
10:40 Scout Tower
10:46 Scout Tower
10:48 Scout Tower
10:48 Scout Tower
10:50 Scout Tower
10:52 Scout Tower
10:53 Scout Tower
10:53 Scout Tower
10:54 Scout Tower
10:55 Scout Tower
11:09 Guard Tower
11:11 Scout Tower
11:12 Scout Tower
11:22 Scout Tower
11:22 Scout Tower
11:55 Guard Tower
11:55 Guard Tower
11:55 Guard Tower
13:12 Scout Tower
13:13 Scout Tower
13:13 Scout Tower
13:13 Scout Tower
13:34 Guard Tower
13:34 Guard Tower
13:40 Scout Tower
13:41 Scout Tower
13:42 Scout Tower
13:49 Scout Tower
13:50 Scout Tower
13:51 Scout Tower
13:52 Scout Tower
13:56 Scout Tower
13:56 Scout Tower
14:00 Town Hall
14:01 Guard Tower
14:06 Scout Tower
14:10 Farm
14:19 Guard Tower
14:30 Guard Tower
14:31 Guard Tower
15:06 Scout Tower
15:07 Scout Tower
15:09 Guard Tower
15:09 Guard Tower
15:09 Guard Tower
15:27 Guard Tower
15:27 Guard Tower
15:28 Guard Tower
15:28 Guard Tower
16:07 Scout Tower
16:07 Scout Tower
16:08 Guard Tower
16:08 Guard Tower
16:45 Guard Tower
17:47 Arcane Vault
17:48 Arcane Vault
17:56 Guard Tower
18:08 Guard Tower
18:08 Guard Tower
18:09 Guard Tower
18:09 Guard Tower
19:01 Scout Tower
19:01 Scout Tower
19:13 Scout Tower
19:13 Scout Tower
19:14 Scout Tower
19:14 Scout Tower
19:15 Scout Tower
19:52 Guard Tower
19:55 Guard Tower
20:12 Scout Tower
20:13 Scout Tower
20:14 Scout Tower
20:14 Scout Tower
20:16 Scout Tower
20:16 Scout Tower
20:17 Scout Tower
20:17 Scout Tower
20:19 Scout Tower
20:19 Scout Tower
20:20 Scout Tower
20:20 Scout Tower
20:22 Scout Tower
20:22 Scout Tower
20:23 Scout Tower
20:24 Scout Tower
20:25 Scout Tower
20:26 Scout Tower
21:05 Blacksmith
21:05 Barracks
22:04 Guard Tower
22:04 Guard Tower
22:28 Guard Tower
22:28 Guard Tower
23:10 Guard Tower
23:10 Guard Tower
23:27 Scout Tower
23:28 Scout Tower
23:29 Scout Tower
23:30 Scout Tower
23:30 Scout Tower
23:31 Scout Tower
23:32 Scout Tower
23:33 Scout Tower
23:34 Scout Tower
24:42 Guard Tower
25:17 Arcane Tower
25:22 Guard Tower
25:29 Scout Tower
25:30 Scout Tower
25:31 Scout Tower
25:32 Scout Tower
25:32 Scout Tower
25:33 Scout Tower
26:35 Scout Tower
26:40 Scout Tower
27:14 Guard Tower
27:19 Scout Tower
27:20 Scout Tower
27:21 Scout Tower
27:22 Scout Tower
27:23 Scout Tower
27:24 Scout Tower
27:24 Scout Tower
27:27 Scout Tower
27:30 Scout Tower
27:30 Scout Tower
29:32 Guard Tower
29:32 Guard Tower
29:35 Scout Tower
29:35 Scout Tower
29:36 Scout Tower
29:37 Scout Tower
29:37 Scout Tower
29:41 Scout Tower
29:41 Scout Tower
30:05 Guard Tower
30:05 Guard Tower
30:11 Scout Tower
30:14 Scout Tower
30:22 Guard Tower
30:23 Guard Tower
30:52 Guard Tower
30:53 Guard Tower
30:58 Scout Tower
31:00 Scout Tower
31:00 Scout Tower
31:01 Scout Tower
31:03 Scout Tower
31:04 Scout Tower
31:04 Scout Tower
31:05 Scout Tower
31:06 Scout Tower
31:07 Scout Tower
32:03 Guard Tower
32:30 Guard Tower
35:35 Gryphon Aviary
35:35 Gryphon Aviary
35:37 Gryphon Aviary
43:22 Farm
43:23 Farm
43:23 Farm
43:24 Farm
44:52 Farm
44:53 Farm
44:54 Farm
44:55 Farm
» items
| Lesser Clarity Potion | 1 | |
| Boots of Speed | 2 | |
| Staff of Teleportation | 2 | |
| Staff of Sanctuary | 2 | |
| Orb of Lightning | 2 | |
| Scroll of Town Portal | 1 | |
10 total
jaedong420 (
green | 100 APM | 5392 actions | 54:00)
10 Blademaster
3 Wind Walk
3 Critical Strike
1 Bladestorm
3 Mirror Image
» actions
| Assign group hotkey | 21 | |
| Basic commands | 86 | |
| Build / train | 70 | |
| ESC pressed | 5 | |
| Enter build submenu | 78 | |
| Enter hero's abilities submenu | 10 | |
| Give item / drop item | 5 | |
| Right click | 3711 | |
| Select / deselect | 305 | |
| Select group hotkey | 825 | |
| Use ability | 276 | |
5392 total
» units
» upgrades
| Reinforced Defenses | 1 | |
| Ranged Weapons | 3 | |
| Liquid Fire | 1 | |
| Armor | 2 | |
7 total
» buildings
| Altar of Storms | 1 | |
| Orc Burrow | 4 | |
| War Mill | 1 | |
| Watch Tower | 65 | |
| Voodoo Lounge | 4 | |
| Stronghold | 3 | |
| Fortress | 1 | |
| Beastiary | 2 | |
81 total
» build order
00:05 Altar of Storms
00:15 Orc Burrow
00:21 War Mill
01:49 Watch Tower
01:49 Watch Tower
02:02 Orc Burrow
02:38 Voodoo Lounge
03:02 Watch Tower
03:02 Watch Tower
03:12 Voodoo Lounge
03:35 Voodoo Lounge
03:42 Stronghold
03:43 Stronghold
04:40 Watch Tower
04:44 Watch Tower
04:45 Watch Tower
05:17 Watch Tower
06:09 Watch Tower
06:09 Watch Tower
06:11 Fortress
06:13 Watch Tower
06:47 Watch Tower
06:49 Watch Tower
07:04 Voodoo Lounge
07:13 Watch Tower
07:14 Watch Tower
07:22 Watch Tower
08:18 Watch Tower
08:19 Watch Tower
08:35 Watch Tower
09:44 Watch Tower
09:59 Watch Tower
10:00 Watch Tower
10:04 Beastiary
10:05 Beastiary
10:25 Orc Burrow
10:27 Orc Burrow
10:59 Watch Tower
11:07 Watch Tower
11:27 Watch Tower
11:29 Watch Tower
12:34 Watch Tower
12:35 Watch Tower
12:38 Watch Tower
12:58 Watch Tower
13:46 Watch Tower
13:47 Watch Tower
13:47 Watch Tower
15:09 Watch Tower
15:10 Watch Tower
15:10 Watch Tower
15:11 Watch Tower
15:14 Watch Tower
16:15 Watch Tower
16:16 Watch Tower
16:17 Watch Tower
16:20 Watch Tower
17:36 Watch Tower
17:37 Watch Tower
17:38 Watch Tower
17:39 Watch Tower
18:51 Watch Tower
18:51 Watch Tower
18:52 Watch Tower
19:21 Watch Tower
19:22 Watch Tower
19:22 Watch Tower
20:26 Watch Tower
20:27 Watch Tower
20:27 Watch Tower
21:44 Watch Tower
21:45 Watch Tower
21:45 Watch Tower
21:50 Watch Tower
21:51 Watch Tower
21:52 Watch Tower
21:54 Watch Tower
21:55 Watch Tower
21:56 Watch Tower
» items
| Staff of Teleportation | 1 | |
| Boots of Speed | 1 | |
| Lesser Clarity Potion | 3 | |
| Healing Salve | 2 | |
| Orb of Lightning | 1 | |
| Potion of Healing | 1 | |
| Potion of Lesser Invulnerability | 1 | |
10 total
TING4STROP (
teal | 95 APM | 5145 actions | 54:05)
9 Warden
3 Shadow Strike
3 Blink
3 Fan of Knives
» actions
| Assign group hotkey | 5 | |
| Basic commands | 21 | |
| Build / train | 73 | |
| Enter build submenu | 24 | |
| Enter hero's abilities submenu | 12 | |
| Give item / drop item | 3 | |
| Right click | 4024 | |
| Select / deselect | 295 | |
| Select group hotkey | 285 | |
| Use ability | 399 | |
5145 total
» units
» upgrades
| Well Spring | 1 | |
| Ultravision | 1 | |
| Strength of the Wild | 3 | |
| Reinforced Hides | 3 | |
| Nature's Blessing | 1 | |
9 total
» buildings
| Altar of Elders | 1 | |
| Moon Well | 45 | |
| Tree of Life | 3 | |
| Tree of Ages | 1 | |
| Tree of Eternity | 1 | |
| Hunter's Hall | 1 | |
52 total
» build order
00:12 Altar of Elders
00:41 Moon Well
02:25 Moon Well
02:58 Moon Well
04:29 Moon Well
06:59 Tree of Life
08:22 Tree of Ages
09:44 Moon Well
09:44 Moon Well
09:45 Moon Well
11:38 Tree of Eternity
13:38 Hunter's Hall
18:19 Tree of Life
19:01 Moon Well
19:02 Moon Well
19:03 Moon Well
19:04 Moon Well
19:05 Moon Well
19:05 Moon Well
19:11 Tree of Life
20:08 Moon Well
20:09 Moon Well
20:10 Moon Well
20:11 Moon Well
20:12 Moon Well
20:13 Moon Well
20:13 Moon Well
20:27 Moon Well
20:27 Moon Well
20:28 Moon Well
20:29 Moon Well
24:39 Moon Well
24:40 Moon Well
24:41 Moon Well
24:44 Moon Well
24:45 Moon Well
24:46 Moon Well
24:47 Moon Well
24:47 Moon Well
25:02 Moon Well
25:03 Moon Well
25:03 Moon Well
25:04 Moon Well
25:05 Moon Well
25:06 Moon Well
26:44 Moon Well
26:45 Moon Well
27:21 Moon Well
27:22 Moon Well
27:22 Moon Well
27:23 Moon Well
» items
| Healing Salve | 4 | |
| Lesser Clarity Potion | 4 | |
| Boots of Speed | 1 | |
| Staff of Teleportation | 1 | |
| Orb of Lightning | 1 | |
| Scroll of Town Portal | 1 | |
12 total
Chat log
(00:27 / All) thecheat13: #nudstatus
(00:34 / All) TING4STROP: @BEARAND
(12:38 / All) Clownbaby11: I didn't want to die of age
(12:42 / All) Clownbaby11: but if I play this game out...
(14:06 / All) jaedong420: can u hold on my pizza come
(14:07 / All) BecomeGorked: and my mouse in the other
(20:50 / All) TING4STROP: what a matter?
(20:55 / All) TING4STROP: feeling gork?
(28:26 / All) TING4STROP: dont die
(28:28 / All) TING4STROP: you're dying
(28:29 / All) TING4STROP: stop dying
(28:34 / All) TING4STROP: please careful
(29:32 / All) Clownbaby11: thats a fun strat you got there.
(29:36 / All) TING4STROP: yeope
(29:44 / All) TING4STROP: nice chimp
(29:51 / All) Clownbaby11: stop
(29:56 / All) TING4STROP: stop what
(30:01 / All) Clownbaby11: don't be mean.
(33:18 / All) Clownbaby11: YES
(33:20 / All) Clownbaby11: YSEESES
(33:21 / All) Clownbaby11: YESSSS
(33:22 / All) thecheat13: GAME OVER
(33:26 / All) Clownbaby11: GET GOOD SCRUB
(33:26 / All) thecheat13: GG NOOBS
(33:29 / All) TING4STROP: get gorked
(33:49 / All) TING4STROP: it me, chad glamboy, from brooklyn
(34:05 / All) Clownbaby11: Oh yeah, Hi Chad.
(34:25 / All) Clownbaby11: summoned up a fresh round of heroes for you to kill
(34:32 / All) TING4STROP: snort
(36:21 / All) Clownbaby11: RIP in peace
(36:25 / All) TING4STROP: cow baby
(36:31 / All) Clownbaby11: take that back
(36:42 / All) TING4STROP: losing chimp to tower
(36:45 / All) TING4STROP: 2013
(36:48 / All) Clownbaby11: stop
(36:53 / All) Clownbaby11: >2013
(36:55 / All) Clownbaby11: still doing 2013
(36:59 / All) FrieFontaine: never forget
(37:27 / All) TING4STROP: no unit all hero
(37:28 / All) TING4STROP: check em
(37:38 / All) BecomeGorked: we going for 10/10/10/10
(38:29 / All) TING4STROP: do u know about our website
(38:31 / All) TING4STROP: and do u want to win
(38:39 / All) Clownbaby11: yes and no
(38:40 / All) TING4STROP: http://highper.ch/win
(41:53 / All) Clownbaby11: rip
(44:22 / All) TING4STROP: i would leave too
(44:32 / All) TING4STROP: you should leave too
(44:34 / All) Clownbaby11: this one hits close to home
(44:38 / All) Clownbaby11: makes me sad
(47:42 / All) TING4STROP: http://highper.ch/win for win, only 3 usd
(47:47 / All) TING4STROP: 3.18 cad
(47:58 / All) BecomeGorked: 1.73 £great British P£ound
(51:56 / All) TING4STROP: you don't really like towers..
(53:50 / All) BecomeGorked: Good Game All Friends